 Dungeon Crawl Stone Soup version 0.30-a0-632-g346586fe48 (webtiles) character file.

Game seed: 749276147125292779

217 bmack86 the Chopper (level 5, -1/47 HPs)
             Began as a Minotaur Fighter on Jan 13, 2023.
             Succumbed to their own poison gas
             ... on level 4 of the Dungeon.
             The game lasted 00:06:16 (2049 turns).

bmack86 the Chopper (Minotaur Fighter)              Turns: 2049, Time: 00:06:17

Health: -1/47      AC: 11    Str: 23    XL:     5   Next: 61%
Magic:  4/4        EV:  7    Int:  5    God:
Gold:   97         SH:  9    Dex:  9    Spells: 4/4 levels left

rFire   . . .      SeeInvis .    a - +1 war axe
rCold   . . .      Faith    .    c - +0 buckler
rNeg    . . .      Spirit   .    g - +0 chain mail
rPois   .          Reflect  +    (helmet restricted)
rElec   .          Harm     .    l - +1 cloak
rCorr   .          Rampage  .    (no gloves)
Will    .....                    (no boots) Stlth
                                 m - amulet of reflection
HPRegen 0.27/turn                (no ring)
MPRegen 0.09/turn                (no ring)

@: lethally poisoned (-1 -> -10)
A: horns 2, retaliatory headbutt
a: no special abilities


You were on level 4 of the Dungeon.
You visited 1 branch of the dungeon, and saw 4 of its levels.

You collected 97 gold pieces.

Inventory:

Hand Weapons
 a - a +1 war axe (weapon)
Missiles
 f - 9 poisoned darts (quivered)
Armour
 b - a +0 scale mail
 c - a +0 buckler (worn)
 g - a +0 chain mail (worn)
 l - a +1 cloak (worn)
Jewellery
 m - an amulet of reflection (around neck)
Wands
 p - a wand of flame (17)
Potions
 d - a potion of might
 e - a potion of mutation {unknown}
 i - 2 potions of flight
 j - 2 potions of heal wounds
 o - 2 potions of curing


   Skills:
 + Level 4.4 Fighting
 * Level 4.7 Axes
 + Level 2.0 Throwing
 + Level 4.4 Armour
 + Level 4.5 Shields


You had 4 spell levels left.
You didn't know any spells.
Your spell library contained the following spells:

 Spells                   Type           Power      Damage    Failure   Level
 Cigotuvi's Dreadful Rot  Necr/Pois/Air  0%         N/A       100%        2
 Poisonous Vapours        Pois/Air       0%         N/A       100%        2
 Mephitic Cloud           Conj/Pois/Air  0%         N/A       100%        3


Dungeon Overview and Level Annotations

Branches:
Dungeon (4/15)
 Temple: D:4-7

Altars:
Ashenzari
The Shining One

Shops:
D:2 (   D:3 [


Innate Abilities, Weirdness & Mutations

You have a pair of horns on your head.
You reflexively headbutt those who attack you in melee.


Message History

It was a scroll of poison.
A phantom opens the door.
The phantom hits you but does no damage.
You block the phantom's attack.
You slash the phantom!
The phantom is moderately damaged.
You block the phantom's attack.
You hit the phantom.
The phantom is moderately damaged.
You block the phantom's attack.
You slash the phantom!
The phantom is severely damaged.
The phantom hits you.
The phantom blinks!
You blink.
You are engulfed in poison gas.
You are poisoned.
You feel very sick. The phantom hits you.
The phantom blinks!
You blink.
You closely miss the phantom.
The phantom is severely damaged.
You are engulfed in poison gas.
You are more poisoned.
* * * LOW HITPOINT WARNING * * *
You feel extremely sick.
The phantom hits you but does no damage.
You block the phantom's attack.
You hit the phantom.
The phantom is severely damaged.
* * * LOW HITPOINT WARNING * * *
You feel very sick. The phantom hits you.
* * * LOW HITPOINT WARNING * * *
The phantom blinks!
You blink.
You barely miss the phantom.
The phantom is severely damaged.
* * * LOW HITPOINT WARNING * * *
You feel very sick. You block the phantom's attack.
The phantom hits you but does no damage.
You slash the phantom!
You destroy the phantom!
You die...

..# #####..#
###§.○°☼.#
#.....○..○.○.#
#.#####.○.○.○#
#####○....°#
....'.☼...☼#
#####.○@☼.°#.##
....☼..<........
#####.####○#####
#. ... # ###


There were no monsters in sight!

Vanquished Creatures
  A phantom (D:4)
  Terence (D:2)
  Natasha (thrice) (D:2)
  7 adders
  2 worms
  An orc (D:3)
  3 bats
  7 endoplasms
  3 hobgoblins
  3 jackals (D:3)
  3 kobolds
  5 quokkas
  5 ball pythons
  4 frilled lizards
  A goblin (D:2)
  4 rats
53 creatures vanquished.

Notes
Turn   | Place    | Note
-------+----------+-------------------------------------------
     0 | D:1      | bmack86 the Minotaur Fighter began the quest for the Orb.
     0 | D:1      | Reached XP level 1. HP: 19/19 MP: 0/0
   315 | D:1      | Reached XP level 2. HP: 27/27 MP: 1/1
   919 | D:2      | Noticed Terence
   928 | D:2      | Killed Terence
   929 | D:2      | Reached skill level 1 in Throwing
   929 | D:2      | Reached XP level 3. HP: 24/33 MP: 2/2
  1030 | D:2      | Noticed Natasha
  1038 | D:2      | Killed Natasha
  1039 | D:2      | Reached XP level 4. HP: 37/40 MP: 3/3
  1067 | D:2      | Found Nealum's Weapon Shoppe.
  1242 | D:2      | Noticed Natasha
  1246 | D:2      | Killed Natasha
  1333 | D:2      | Reached XP level 5. HP: 46/46 MP: 4/4
  1409 | D:2      | Noticed Natasha
  1419 | D:2      | Killed Natasha
  1595 | D:3      | Found a faded altar of an unknown god.
  1755 | D:3      | Found a broken altar of Ashenzari.
  1762 | D:3      | Found a glowing golden altar of the Shining One.
  1766 | D:3      | Found Hack's Armour Emporium.
  2037 | D:4      | Noticed a phantom
  2048 | D:4      | HP: 1/47 [poisoned by you (poison gas)]
  2049 | D:4      | Killed a phantom
  2049 | D:4      | Succumbed to their own poison gas

Illustrated notes

Levels and vault maps discovered:
D:1:      wheals_arrival_linesprint, layout_basic, serial_rivers,
          chequers_serial_rivers_micro_e, chequers_serial_rivers_large_a,
          chequers_serial_rivers_small_b, chequers_serial_rivers_micro_e,
          chequers_serial_rivers_micro_e, nicolae_figureground_sparkle
D:2:      layout_rooms, serial_shops, nicolae_shop_stone, minmay_tetromino_l4,
          uniq_natasha, uniq_terence
D:3:      layout_rooms, grunt_temple_overflow_open, serial_shops, shop,
          nicolae_ecumenical_lake_church, dreamdust_princess_bridge,
          due_unseen_surprise
D:4:      layout_basic, mainiacjoe_overflow_surrounded_room,
          amcnicky_altar_gilded

Skill      XL: |  1  2  3  4  5 |
---------------+----------------+-----
Axes           | 3 4 |  4.7
Fighting       | 4 |  4.4
Throwing       | 1 2 |  2.0
Armour         | 4 |  4.4
Shields        | 4 |  4.5

Action                   |  1- 3 |  4- 6 || total
-------------------------+-------+-------++-------
Melee: War axe           |    34 |    77 ||   111
       Headbutt          |     7 |     8 ||    15
  Use: Scroll            |     2 |     6 ||     8
Armor: Scale mail        |    14 |    10 ||    24
       Chain mail        |       |    38 ||    38
Dodge: Dodged            |    22 |    30 ||    52
Block: Buckler           |    11 |    41 ||    52
       Reflection        |       |     1 ||     1

Table legend: (Time is in decaauts)
 A = Elapsed time spent in this place.
 B = Non-inter-level travel time spent in this place.
 C = Inter-level travel time spent in this place.
 D = Time resting spent in this place.
 E = Time spent auto-exploring this place.
 F = Levels seen in this place.
 G = Mean time per level.
                   A        B        C        D        E       F      G
               +--------+--------+--------+--------+--------+-----+--------+
         Total |   2116 |   2068 |     48 |      0 |   1285 |   4 |  529.0 |
       Dungeon |   2116 |   2068 |     48 |      0 |   1285 |   4 |  529.0 |
               +--------+--------+--------+--------+--------+-----+--------+

Top non-repeatable levels by time:
     D:1: 911 daAuts
     D:2: 658 daAuts
     D:3: 526 daAuts
     D:4: 19 daAuts
